Map: Kairos Junction LE

Players

Yocto - Winner!

  • Race: Zerg Zerg
  • Spawn Location: 5:00

Ayuka

  • Race: Zerg Zerg
  • League: Silver
  • Spawn Location: 11:00

VOD

Have the link to the VOD?

Description

Time

  • Played on: Dec. 13, 2018, 9:58 a.m.
  • Length: 13:12
Show
View Real Time Build Order
Export as new Build Order

Yocto Zerg - Winner!

Build Orders: Hatch First 

Get SALT Encoding   

  12  0:01  Drone  
  13  0:19  Overlord  
  13  0:21  Drone  
  14  0:40  Drone x2  
  16  0:44  Drone  
  17  1:00  Hatchery, Drone  
  17  1:06  Extractor  
  17  1:10  Drone  
  17  1:18  Spawning Pool  
  17  1:21  Drone  
  18  1:25  Drone  
  18  1:38  Drone  
  19  1:46  Overlord  
  19  2:11  Spine Crawler  
  19  2:12  Spine Crawler, Zergling x6  
  19  2:14  Metabolic Boost  
  20  2:19  Queen  
  22  2:25  Zergling x4  
  24  2:40  Baneling Nest  
  23  2:45  Zergling x6  
  26  2:57  Queen  
  28  3:16  Drone x3  
  31  3:26  Baneling x2  
  31  3:34  Lair  
  31  3:39  Drone  
  32  3:47  Overlord  
  32  3:53  Queen  
  34  3:59  Extractor  
  32  4:10  Drone x4  
  32  4:11  Drone  
  37  4:21  Drone  
  37  4:22  Drone x2  
  40  4:39  Spire  
  40  4:45  Drone x2  
  40  4:46  Drone x2  
  40  4:52  Extractor x2  
  41  4:54  Overlord  
  41  5:05  Drone x3  
  44  5:11  Queen  
  45  5:23  Drone x3  
  45  5:27  Overlord  
  45  5:28  Overlord  
  48  5:41  Overlord x2  
  48  5:48  Drone x5  
  53  6:11  Drone x6  
  59  6:27  Mutalisk x3  
  59  6:28  Mutalisk x2  
  69  6:46  Mutalisk x3, Hatchery  
  74  6:47  Mutalisk  
  76  6:57  Mutalisk x3  
  82  7:04  Evolution Chamber  
  81  7:15  Drone x2  
  83  7:18  Overlord x3  
  83  7:19  Overlord  
  83  7:36  Mutalisk x4  
  89  7:42  Drone x4  
  89  7:43  Drone x3  
  98  7:45  Extractor  
  98  7:47  Extractor  
  96  7:58  Drone  
  96  7:59  Queen, Drone x2  
  101  8:06  Mutalisk x2  
  105  8:20  Overlord x2  
  105  8:21  Mutalisk x3  
  105  8:23  Drone x2  
  113  8:29  Zerg Flyer Weapons Level 1  
  113  8:44  Mutalisk x3  
  113  8:47  Zergling x10  
  113  8:48  Zergling x4  
  126  8:51  Zerg Melee Weapons Level 1  
  126  8:58  Drone x3  
  128  9:18  Hatchery  
  121  9:30  Zergling x6  
  121  9:31  Zergling x8  
  128  9:36  Mutalisk x5  
  138  9:49  Overlord x3  
  138  9:50  Overlord  
  138  9:58  Overlord x2  
  126  10:13  Mutalisk x6  
  134  10:26  Zergling x6  
  130  10:33  Zergling x4  
  124  10:40  Zergling x2  
  124  10:41  Zergling x2  
  120  10:52  Mutalisk x3  
  124  11:07  Drone x4  
  128  11:12  Zergling x8  
  128  11:14  Baneling x6  
  128  11:15  Baneling  
  132  11:19  Centrifical Hooks  
  132  11:22  Drone  
  132  11:23  Drone x2  
  135  11:26  Queen  
  137  11:40  Zergling x10  
  137  11:41  Zergling x6  
  145  11:59  Overlord  
  145  12:00  Overlord x4  
  145  12:09  Baneling  
  145  12:10  Baneling x25  
  145  12:11  Baneling x2  
  145  12:22  Hatchery  
  145  12:25  Zergling x12  
  145  12:26  Zergling x18  
Show
View Real Time Build Order
Export as new Build Order

Ayuka Zerg 

Build Orders: Pool First, Roach Hydra 

Get SALT Encoding   

  12  0:02  Drone  
  13  0:16  Drone  
  13  0:18  Overlord  
  14  0:37  Spawning Pool  
  14  0:38  Drone  
  14  0:49  Drone x2  
  16  0:58  Extractor, Drone  
  16  1:10  Drone  
  17  1:22  Hatchery  
  16  1:32  Zergling x4  
  18  1:39  Queen  
  20  1:41  Drone  
  21  1:55  Drone  
  21  1:57  Overlord  
  22  2:15  Drone  
  23  2:34  Drone x3  
  23  2:36  Queen  
  27  2:44  Drone  
  28  2:58  Drone x5  
  33  3:03  Metabolic Boost  
  33  3:12  Queen  
  35  3:24  Evolution Chamber  
  34  3:29  Roach Warren  
  33  3:34  Lair  
  33  3:40  Drone x2  
  33  3:41  Overlord, Extractor  
  34  3:42  Overlord  
  34  3:47  Roach Warren  
  33  4:04  Zerg Melee Weapons Level 1  
  33  4:20  Drone x6  
  33  4:21  Drone x3  
  42  4:30  Drone  
  43  4:31  Drone  
  43  4:36  Glial Reconstitution  
  43  4:37  Spine Crawler  
  43  4:47  Roach  
  43  4:49  Overlord  
  43  4:51  Zergling x2  
  43  4:52  Zergling x6  
  49  5:10  Drone x3  
  52  5:17  Roach  
  52  5:18  Baneling Nest  
  53  5:45  Drone x5  
  58  5:51  Extractor  
  58  5:54  Extractor  
  58  5:55  Spore Crawler  
  55  5:58  Roach  
  55  5:59  Roach  
  59  6:16  Overlord x2  
  59  6:34  Roach x2  
  59  6:35  Roach  
  59  6:36  Roach  
  59  6:37  Roach  
  69  6:55  Roach x3  
  75  7:06  Overlord  
  75  7:07  Overlord x2  
  75  7:08  Overlord  
  75  7:27  Roach x4  
  75  7:28  Roach  
  85  7:32  Pneumatized Carapace  
  85  7:39  Hatchery  
  85  7:41  Hydralisk Den  
  85  7:42  Spore Crawler  
  82  7:45  Spore Crawler  
  82  7:47  Spore Crawler  
  82  7:49  Spore Crawler  
  79  8:07  Roach  
  79  8:08  Roach x8  
  79  8:12  Grooved Spines  
  97  8:16  Zerg Ground Armor Level 1  
  97  8:25  Evolution Chamber  
  96  8:30  Hydralisk x4  
  104  8:37  Drone  
  105  8:53  Roach  
  105  8:54  Roach x3  
  113  9:01  Overlord  
  113  9:04  Hatchery  
  109  9:23  Muscular Augments  
  103  9:25  Hydralisk x9  
  113  9:48  Overlord x5  
  113  9:49  Overlord  
  113  9:55  Zerg Missile Weapons Level 1  
  109  10:14  Hydralisk  
  109  10:15  Hydralisk x6  
  87  10:44  Hydralisk x7  
  71  10:59  Hydralisk x4  
  79  11:12  Hydralisk  
  79  11:13  Hydralisk  
  83  11:20  Overlord x3  
  83  11:38  Hydralisk  
  83  11:39  Hydralisk x2  
  89  11:49  Hydralisk  
  89  11:50  Hydralisk  
  94  12:01  Zergling x4  
  94  12:02  Zergling x4  
  97  12:16  Drone  
  97  12:17  Drone x4  
Tags
 
Composition
Roach Hydra
League
Silver
Matchup
ZvZ
Race
Zerg
Replay Pack
Yocto
Spawn Locations
Cross Positions
Add a new tag
Caveats
  • Supply blocks, unpowered buildings, or Contaminate may cause inaccurate times.
  • Supply counts are checked every 10 seconds.